 Dungeon Crawl Stone Soup version 0.25-a0-435-g4b9beb1024 (webtiles) character file.

Game seed: 5439473592213214526, levelgen mode: deterministic

110 hittemvvvvhard the Skirmisher (level 4, -1/45 HPs)
             Began as a Naga Artificer on Jan 29, 2020.
             Killed from afar by an orc wizard (8 damage)
             ... with a magic dart
             ... on level 3 of the Dungeon.
             The game lasted 00:09:07 (3497 turns).

hittemvvvvhard the Skirmisher (Naga Artificer)      Turns: 3497, Time: 00:09:07

Health: -1/45      AC:  6    Str: 12 (15) XL:     4   Next: 91%
Magic:  6/6        EV:  4    Int:  9 (12) God:
Gold:   56         SH:  9    Dex:  9 (11) Spells: 3/3 levels left

rFire    . . .     SeeInvis +   a - +0 flail
rCold    . . .     Gourm    .   n - +0 large shield
rNeg     . . .     Faith    .   g - +0 leather armour
rPois    +         Spirit   .   j - +0 helmet
rElec    .         Reflect  .   k - +2 cloak
rCorr    .         Harm     .   (no gloves)
MR       .....                  (no barding)
Stlth    +.........             (no amulet)
HPRegen  0.15/turn              (no ring)
MPRegen  0.10/turn              (no ring)

@: drained, very slow
A: large, see invisible, deformed body, poison resistance, slowness 2, slow
metabolism 1, spit poison 1, AC +1
a: Spit Poison


You were on level 3 of the Dungeon.
You were not hungry.

You visited 1 branch of the dungeon, and saw 4 of its levels.

You collected 56 gold pieces.

Inventory:

Hand Weapons
 a - a +0 flail (weapon)
 b - a +0 hunting sling
Missiles
 i - 11 boomerangs (quivered)
 o - 9 arrows
 Q - 22 stones
Armour
 g - a +0 leather armour (worn)
 j - a +0 helmet (worn)
 k - a +2 cloak (worn)
 n - a +0 large shield (worn)
Jewellery
 l - an uncursed ring of wizardry {unknown}
Wands
 d - a wand of enslavement (1)
 e - a wand of random effects (15)
Scrolls
 p - 3 scrolls of identify {unknown}
Potions
 m - a potion of mutation {unknown}
 r - a potion of might {unknown}
 t - a potion of heal wounds {unknown}
Comestibles
 f - 4 rations
 s - a chunk of flesh


   Skills:
 + Level 4.5(3.6) Fighting
   Level 1.0(0.1) Short Blades
 - Level 1.5(0.7) Dodging
 - Level 1.5(0.6) Stealth
 - Level 3.0(2.1) Evocations


You had 3 spell levels left.
You didn't know any spells.
Your spell library was empty.

Dungeon Overview and Level Annotations

Branches:
Dungeon (4/15)
 Temple: D:4-7

Altars:
Elyvilon

Shops:
D:4 =


Innate Abilities, Weirdness & Mutations

You cannot wear boots.
Your serpentine skin is tough. (AC +1)
You have supernaturally acute eyesight. (SInv)
Armour fits poorly on your strangely shaped body.
Your system is resistant to poisons. (rPois)
You cover ground very slowly.
You have a slow metabolism.
You can spit poison.


Message History

You barely miss the orc wizard.
The orc wizard hits you but does no damage.
You block the orc wizard's attack.
Unknown command.
You barely miss the orc wizard.
The orc wizard hits you with a +0 dagger.
* * * LOW HITPOINT WARNING * * *
You take 2 damage, and have 9/45 hp.
Unknown command.
You miss the orc wizard. The orc wizard barely misses you.
The orc wizard hits you with a +0 dagger.
* * * LOW HITPOINT WARNING * * *
You take 3 damage, and have 6/45 hp.
Unknown command.
You closely miss the orc wizard. The orc wizard barely misses you.
Unknown command.
Your shield prevents you from hitting the orc wizard.
The orc wizard gestures at you while chanting.
The magic dart hits you!
You die...

..... ##.## #...# #
..o...###...#########..# #
......#≈≈...≈≈#.......>#
......#≈..♣..≈#.###########
..............#.).......#
#...♣._.♣...#.#######.#
##..........#.# #.#
##≈†)♣..≈#.#.# #.#
#≈≈o@.≈≈#.#.#######.#
###†..###.#.##......#
##.###..#....###### #.#
#......###..# #.#
#####.......# #.# #.#####.#
#.# # #.#####.# #.# .#
#.......# #.##..##.
#########

Skill      XL: |  1  2  3  4 |
---------------+-------------+-----
Fighting       | 2 3 4 |  4.5
Short Blades   | |  1.0
Dodging        | |  1.5
Stealth        | |  1.5
Evocations     | |  3.0

Notes
Turn   | Place    | Note
-------+----------+-------------------------------------------
     0 | D:1      | hittemvvvvhard the Naga Artificer began the quest for the
                  | Orb.
     0 | D:1      | Reached XP level 1. HP: 18/18 MP: 3/3
   275 | D:1      | HP: 4/19 [jackal (2)]
   583 | D:1      | Reached skill level 2 in Fighting
   583 | D:1      | Reached XP level 2. HP: 26/26 MP: 4/4
  1127 | D:2      | Reached XP level 3. HP: 32/33 MP: 5/5
  1149 | D:2      | Reached skill level 3 in Fighting
  1474 | D:2      | You fall into a shaft and drop 2 floors!
  1487 | D:4      | Found Umasmodd's Jewellery Shop.
  2108 | D:2      | Reached XP level 4. HP: 41/44 MP: 6/6
  2417 | D:2      | Reached skill level 4 in Fighting
  3395 | D:3      | Found a white marble altar of Elyvilon.
  3488 | D:3      | HP: 10/45 [orc wizard/+0 dagger (3)]
  3494 | D:3      | HP: 9/45 [orc wizard/+0 dagger (2)]
  3497 | D:3      | Killed from afar by an orc wizard

Table legend:
 A = Turns spent in this place as a percentage of turns spent in the entire game.
 B = Non-inter-level travel turns spent in this place as a percentage of non-inter-level travel turns spent in the entire game.
 C = Inter-level travel turns spent in this place as a percentage of turns spent in this place.
 D = Turns resting spent in this place as a percentage of non-inter-level travel turns spent in this place.
 E = Turns spent auto-exploring this place as a percentage of non-inter-level travel turns spent in this place.
 F = Non-inter-level travel turns spent in this place divided by the number of levels of this place that you've seen.
                   A       B       C       D       E      F
               +-------+-------+-------+-------+-------+----------------------
         Total | 100.0 | 100.0 |   3.5 |   3.9 |  75.7 | 843.8
       Dungeon | 100.0 | 100.0 |   3.5 |   3.9 |  75.7 | 843.8
               +-------+-------+-------+-------+-------+----------------------

Table legend:
 A = Kills in this place as a percentage of kills in entire the game.
 B = Kills by you in this place as a percentage of kills by you in the entire game.
 C = Kills by friends in this place as a percentage of kills by friends in the entire game.
 D = Other kills in this place as a percentage of other kills in the entire game.
 E = Experience gained in this place as a percentage of experience gained in the entire game.
 F = Experience gained in this place divided by the number of levels of this place that you have seen.
                   A       B       C       D       E      F
               +-------+-------+-------+-------+-------+----------------------
         Total | 100.0 | 100.0 | 100.0 | 100.0 | 100.0 |  39.5
       Dungeon | 100.0 | 100.0 | 100.0 | 100.0 | 100.0 |  39.5
               +-------+-------+-------+-------+-------+----------------------

Action                   |  1- 3 |  4- 6 || total
-------------------------+-------+-------++-------
Melee: Short sword       |    84 |       ||    84
       Mace              |    69 |    55 ||   124
       Flail             |       |    23 ||    23
 Fire: Hunting sling     |    11 |     1 ||    12
Throw: Stone             |     5 |    12 ||    17
       Boomerang         |       |    21 ||    21
Evoke: Wand              |    18 |    11 ||    29
  Use: Scroll            |     4 |       ||     4
       Potion            |       |     2 ||     2
 Stab: Sleeping          |     1 |       ||     1
  Eat: Chunk             |     2 |     4 ||     6
Armor: Leather armour    |    65 |    43 ||   108
Dodge: Dodged            |    95 |    23 ||   118
Block: Large shield      |       |    34 ||    34

Vanquished Creatures
  An orc priest (D:3)
  An adder (D:2)
  An ooze (D:1)
  2 worms (D:2)
  A dart slug (D:3)
  3 leopard geckos
  5 orcs
  A ball python (D:2)
  5 giant cockroaches
  A goblin (D:3)
  11 hobgoblins
  3 jackals
  A quokka (D:2)
  11 bats
  A frilled lizard (D:1)
  4 kobolds
  6 rats
58 creatures vanquished.

Vanquished Creatures (collateral kills)
  An orc (D:4)
  A jackal (D:1)
  A rat (D:1)
3 creatures vanquished.

Vanquished Creatures (others)
  A worm (D:4)
  A dart slug (D:3)
  4 orcs
  A hobgoblin (D:1)
  3 jackals
  A kobold (D:3)
  A quokka (D:3)
  A goblin (D:3)
13 creatures vanquished.

Grand Total: 74 creatures vanquished You could see an orc wizard.

Levels and vault maps discovered:
D:1:      wander_arrival_peaceful_grave, layout_rooms
D:2:      layout_loops_ring, chequers_serial_rivers_micro_b
D:3:      layout_basic, hangedman_decor_growths, elyvilon_altar_4
D:4:      layout_loops_corners, minmay_temple_entry_mini_moons, serial_shops,
          shop, fountainhead, uniq_duvessa, uniq_edmund, uniq_menkaure
